 Dungeon Crawl Stone Soup version 0.19.5 (webtiles) character file.

16 Nubser the Grasshopper (level 2, -1/26 HPs)
             Began as a Naga Warper on Mar 11, 2017.
             Slain by a jackal (3 damage)
             ... on level 1 of the Dungeon.
             The game lasted 00:04:35 (582 turns).

Nubser the Grasshopper (Naga Warper)                 Turns: 582, Time: 00:04:36

Health: -1/26      AC:  2    Str: 11 (13) XL:     2   Next: 58%
Magic:  5/5        EV:  9    Int: 10 (13) God:
Gold:   54         SH:  0    Dex:  8 (10) Spells: 1 memorised, 3 levels left

rFire  . . .     SeeInvis +     a - +1 falchion
rCold  . . .     Gourm    .     b - +0 leather armour
rNeg   . . .     Faith    .     (no shield)
rPois  +         Spirit   .     (no helmet)
rElec  .         Reflect  .     (no cloak)
rCorr  .         Harm     .     (no gloves)
MR     .....                    (no barding)
Stlth  +.........               (no amulet)
                                (no ring)
                                (no ring)

@: flying, very slow
A: see invisible, deformed body, poison resistance, slowness 2, slow metabolism
1, spit poison 1, AC +0
a: Spit Poison


You were on level 1 of the Dungeon.
You were not hungry.

You visited 1 branch of the dungeon, and saw 1 of its levels.

You collected 54 gold pieces.

Inventory:

Hand Weapons
 a - a +1 falchion (weapon)
Missiles
 e - 2 tomahawks of dispersal (quivered)
Armour
 b - a +0 leather armour (worn)
Scrolls
 d - a scroll of blinking
 j - a scroll of remove curse
Books
 c - a book of Spatial Translocations

   Spells                             Type                      Level
   a - Blink                          Translocation                2
   b - Shroud of Golubria             Charms/Translocation         2
   c - Lesser Beckoning               Translocation                3
   d - Portal Projectile              Translocation                3
   e - Teleport Other                 Translocation                3
   f - Passage of Golubria            Translocation                4
Comestibles
 f - a bread ration


   Skills:
 + Level 2.0 Fighting
 + Level 2.6 Long Blades
 + Level 0.8 Throwing
 + Level 1.0 Armour
 + Level 1.7 Dodging
 + Level 2.1 Spellcasting
 + Level 3.0 Translocations


You had 3 spell levels left.
You knew the following spells:

 Your Spells              Type           Power        Failure   Level  Hunger
a - Shroud of Golubria    Chrm/Tloc      #.........   34%         2    ###....


Dungeon Overview and Level Annotations

Branches:
Dungeon (1/15)

Altars:


Innate Abilities, Weirdness & Mutations

You cannot wear boots.
Your serpentine skin is tough. (AC +0)
You have supernaturally acute eyesight. (SInv)
Armour fits poorly on your strangely shaped body.
Your system is resistant to poisons. (rPois)
You cover ground very slowly.
You have a slow metabolism.
You can spit poison.


Message History

* * * LOW HITPOINT WARNING * * *
You barely miss the jackal.
The jackal is severely wounded.
The jackal barely misses you.
You closely miss the jackal.
The jackal is severely wounded.
The jackal bites you.
* * * LOW HITPOINT WARNING * * *
The jackal bites you.
* * * LOW HITPOINT WARNING * * *
It was a potion of degeneration.
There was something very wrong with that liquid.
You feel weakened.
You feel dopey.
You feel clumsy. The jackal misses you.
It was a potion of flight.
You feel very buoyant.
You fly up into the air.
The jackal bites you but does no damage.
The jackal bites you.
You die...

######### #.......# #.......#
#....[..# # #....(..## ##...
.......###....# #..#hh@.?#
###...#####
###.....##################
#..........)...(.............
....#####..#################.
### #..# ####. #..#
#######....
##...######.......###
..................###


You could see 2 jackals.

Vanquished Creatures
  A giant cockroach (D:1)
  4 goblins (D:1)
  A hobgoblin (D:1)
  3 jackals (D:1)
  A kobold (D:1)
  2 bats (D:1)
  A frilled lizard (D:1)
  A rat (D:1)
14 creatures vanquished.

Notes
Turn   | Place    | Note
-------+----------+-------------------------------------------
     0 | D:1      | Nubser the Naga Warper began the quest for the Orb.
     0 | D:1      | Reached XP level 1. HP: 19/19 MP: 3/3
   329 | D:1      | Reached skill level 1 in Armour
   329 | D:1      | Reached XP level 2. HP: 13/26 MP: 5/5
   349 | D:1      | Learned a level 2 spell: Blink
   506 | D:1      | Learned a level 2 spell: Shroud of Golubria
   582 | D:1      | Slain by a jackal

Skill      XL: |  1 |
---------------+----+-----
Armour         | 1 |  1.0
Fighting       | |  2.0
Long Blades    | |  2.6
Throwing       | |  0.8
Dodging        | |  1.7
Spellcasting   | |  2.1
Translocations | |  3.0

Action                   || total
-------------------------++-------
Melee: Falchion          ||    50
Throw: Tomahawk          ||     3
 Cast: Blink             ||     1
  Use: Scroll            ||     5
       Potion            ||     2
Armor: Leather armour    ||    19
Dodge: Dodged            ||    35
       Rpst.: Falchion   ||     8
